 Dungeon Crawl Stone Soup version 0.19.0-20-gbc5f0c6 (webtiles) character file.

329 Glaeka the Poker (level 6, -5/43 HPs)
             Began as an Octopode Monk on Nov 16, 2016.
             Slain by a hippogriff (12 damage)
             ... on level 8 of the Dungeon.
             The game lasted 00:17:44 (2936 turns).

Glaeka the Poker (Octopode Monk)                    Turns: 2936, Time: 00:17:45

Health: -5/43      AC:  1    Str:  9 (11) XL:     6   Next: 50%
Magic:  7/7        EV: 20    Int: 11 (14) God:
Gold:   172        SH:  0    Dex: 16 (19) Spells: 2 memorised, 4 levels left

rFire  . . .     SeeInvis .     a - +0 spear
rCold  . . .     Gourm    .     (no shield)
rNeg   . . .     Faith    .     (helmet restricted)
rPois  .         Spirit   .     (no amulet)
rElec  .         Reflect  .     (no ring)
rCorr  .         Harm     .     (no ring)
MR     .....                    (no ring)
Stlth  ++++......               (no ring)
                                (no ring)
                                (no ring)
                                (no ring)
                                (no ring)

@: agile
A: almost no armour, stealthy swim, amphibious, 8 rings, constrict 8, camouflage
1, gelatinous body 1
a: no special abilities


You were on level 8 of the Dungeon.
You were not hungry.

You visited 1 branch of the dungeon, and saw 6 of its levels.
You also visited: Ossuary.

You collected 172 gold pieces.

Inventory:

Hand Weapons
 a - a +0 spear (weapon)
Missiles
 u - 7 needles of confusion
Armour
 y - a +2 cloak
Jewellery
 h - an uncursed ring of magical power {unknown}
 m - an uncursed ring of protection from fire {unknown}
 w - an uncursed amulet of regeneration {unknown}
Scrolls
 e - 2 scrolls of fog {unknown}
 i - 6 scrolls of identify {unknown}
 k - a scroll of random uselessness {unknown}
 l - 2 scrolls of remove curse {unknown}
 n - 2 scrolls of teleportation {unknown}
 o - 2 scrolls of enchant weapon {unknown}
 p - a scroll of magic mapping {unknown}
 q - a scroll of amnesia {unknown}
 t - a scroll of enchant armour {unknown}
 v - 2 scrolls of recharging {unknown}
Potions
 c - 2 potions of agility
 d - 2 potions of heal wounds {unknown}
 f - a potion of might {unknown}
 g - a potion of flight {unknown}
 r - a potion of degeneration
Books
 s - a book of Conjurations

   Spells                             Type                      Level
   a - Magic Dart                     Conjuration                  1
   b - Searing Ray                    Conjuration                  2
   c - Dazzling Spray                 Conjuration/Hexes            3
   d - Fulminant Prism                Conjuration/Hexes            4
   e - Iskenderun's Mystic Blast      Conjuration                  4
   f - Iskenderun's Battlesphere      Conjuration/Charms           5
Comestibles
 b - a bread ration
 j - 4 meat rations


   Skills:
 + Level 4.0 Fighting
 * Level 6.0 Polearms
 + Level 3.6 Dodging
 - Level 2.6 Stealth
 + Level 1.0 Spellcasting


You had 4 spell levels left.
You knew the following spells:

 Your Spells              Type           Power        Failure   Level  Hunger
a - Magic Dart            Conj           #...         34%         1    ##.....
b - Searing Ray           Conj           #.....       56%         2    ###....


Dungeon Overview and Level Annotations

Branches:
Dungeon (5/15)
 Temple: D:4-7

Altars:

Shops:
D:4 *%


Innate Abilities, Weirdness & Mutations

You cannot wear most types of armour.
You are very stealthy in the water. (Stealth+)
You are amphibious.
You can wear up to eight rings at the same time.
You can use your tentacles to constrict eight enemies at once.
Your skin changes colour to match your surroundings (Stealth+).
Your rubbery body absorbs attacks. (AC +1, EV +1)


Message History

The hippogriff closely misses you. The hippogriff barely misses you. x2
You hit the hippogriff. Your squeeze misses the hippogriff.
The hippogriff is lightly wounded.
The hippogriff bites you! The hippogriff pecks you. The hippogriff claws you.
You hit the hippogriff. You squeeze the hippogriff!
The hippogriff is moderately wounded.
The hippogriff bites you. The hippogriff pecks you. The hippogriff claws you.
* * * LOW HITPOINT WARNING * * *
You hit the hippogriff.
The hippogriff is moderately wounded.
It was a potion of agility.
You feel agile all of a sudden. The hippogriff barely misses you.
The hippogriff completely misses you. The hippogriff claws you.
* * * LOW HITPOINT WARNING * * *
It was a potion of degeneration.
There was something very wrong with that liquid.
You feel weakened.
You feel dopey.
You feel clumsy. The hippogriff bites you!
You die...

#.########....
#.#..........#
#.#..........#
.............#
#.#$.........# #.# .....
...#
.###.####.#####H#####...
................@.......
####.#####.####.##.#####
## #.# #..# #.# # .# #.#
##.# #.. .# #.# .. #...
.###.# #h##.... .+.#.#
..#..... D+...#
#.#...... .###.#######


You could see a hippogriff.

Vanquished Creatures
  A scorpion (D:4)
  An orc priest (D:4)
  A hound (D:4)
  A bullfrog skeleton (D:5)
  An iguana (D:4)
  A worker ant (D:4)
  A howler monkey skeleton (D:5)
  4 adders
  2 oozes
  A worm (D:3)
  A dart slug (D:1)
  3 leopard geckos
  10 orcs
  A ball python (D:2)
  11 bats
  10 giant cockroaches
  7 hobgoblins
  4 kobolds
  3 frilled lizards
  5 goblins
  A quokka skeleton (D:4)
  6 rats
76 creatures vanquished.

Notes
Turn   | Place    | Note
-------+----------+-------------------------------------------
     0 | D:1      | Glaeka the Octopode Monk began the quest for the Orb.
     0 | D:1      | Reached XP level 1. HP: 16/16 MP: 1/1
    83 | D:1      | Reached XP level 2. HP: 21/21 MP: 2/2
   456 | D:2      | Reached XP level 3. HP: 21/26 MP: 3/3
   680 | D:2      | Reached skill level 4 in Polearms
  1052 | D:2      | Reached XP level 4. HP: 31/31 MP: 4/4
  1444 | D:3      | Learned a level 1 spell: Magic Dart
  1724 | D:4      | Reached XP level 5. HP: 31/36 MP: 5/5
  1889 | D:4      | Reached skill level 5 in Polearms
  1911 | D:4      | Reached XP level 6. HP: 13/43 MP: 4/6
  2055 | D:4      | Found Yhuopu's Elemental Accessories.
  2075 | D:4      | Learned a level 2 spell: Searing Ray
  2638 | D:4      | Found Jinang's Food Emporium.
  2656 | D:4      | Reached skill level 1 in Spellcasting
  2740 | D:5      | Entered Level 5 of the Dungeon
  2815 | D:5      | Found a sand-covered staircase.
  2821 | Ossuary  | Entered an ossuary
  2821 | Ossuary  | Noticed Mordru's ghost (amateur SpAE)
  2861 | D:5      | Reached skill level 6 in Polearms
  2869 | D:5      | Noticed a water moccasin
  2883 | D:5      | You fall through a shaft for 3 floors!
  2883 | D:8      | Noticed a five-headed hydra
  2883 | D:8      | Noticed an ice beast
  2919 | D:8      | Noticed a hippogriff
  2921 | D:8      | Noticed a black bear
  2936 | D:8      | Slain by a hippogriff

Skill      XL: |  1  2  3  4  5  6 |
---------------+-------------------+-----
Polearms       | 4 5 6 |  6.0
Spellcasting   | 1 |  1.0
Fighting       | 4 |  4.0
Dodging        | |  3.6
Stealth        | |  2.6

Action                   |  1- 3 |  4- 6 || total
-------------------------+-------+-------++-------
Melee: Spear             |    82 |   127 ||   209
       Constrict         |    20 |    21 ||    41
       Tentacles         |    12 |    24 ||    36
 Cast: Magic Dart        |       |    12 ||    12
  Use: Potion            |       |     2 ||     2
 Stab: Sleeping          |    13 |    12 ||    25
  Eat: Fruit             |       |     2 ||     2
       Chunk             |       |     2 ||     2
       Bread ration      |       |     1 ||     1
Armor: Skin              |     4 |     5 ||     9
Dodge: Dodged            |    22 |    47 ||    69
